 Dungeon Crawl Stone Soup version 0.22-a0-223-g0f5d773 (webtiles) character file.

115 galech the Ducker (level 4, -1/44 HPs)
             Began as a Troll Fighter on Feb 18, 2018.
             Slain by MacroTabsAreStupid's ghost (14 damage)
             ... on level 3 of the Dungeon.
             The game lasted 00:02:41 (1963 turns).

galech the Ducker (Troll Fighter)                   Turns: 1963, Time: 00:02:42

Health: -1/44      AC:  6    Str: 25    XL:     4   Next: 68%
Magic:  3/3        EV:  8    Int:  4    God:
Gold:   55         SH:  9    Dex:  9    Spells: 3/3 levels left

rFire    . . .     SeeInvis .   a - +0 flail
rCold    + . .     Gourm    +   c - +0 shield
rNeg     . . .     Faith    .   b - +0 robe
rPois    .         Spirit   .   (helmet restricted)
rElec    .         Reflect  .   p - +0 cloak (curse)
rCorr    .         Harm     .   (gloves unavailable)
MR       .....                  (boots unavailable)
Stlth    +.........             (no amulet)
HPRegen  0.54/turn              n - ring of protection from cold
MPRegen  0.08/turn              (no ring)

@: no status effects
A: large, unfitting armour, claws 3, fast metabolism 3, gourmand, regeneration
1, shaggy fur 1, tough skin 2
a: no special abilities


You were on level 3 of the Dungeon.
You were very full.

You visited 1 branch of the dungeon, and saw 3 of its levels.

You collected 55 gold pieces.

Inventory:

Hand Weapons
 a - a +0 flail (weapon)
Armour
 b - a +0 robe (worn)
 c - a +0 shield (worn)
 p - a cursed +0 cloak (worn)
Jewellery
 n - a ring of protection from cold (left claw)
Wands
 m - a wand of polymorph (16)
Scrolls
 g - 3 scrolls of amnesia {unknown}
 i - 2 scrolls of remove curse {unknown}
 j - a scroll of teleportation {unknown}
 l - 5 scrolls of identify {unknown}
 o - 2 scrolls of immolation {unknown}
Potions
 d - a potion of might
 e - 2 potions of flight {unknown}
 k - 2 potions of curing {unknown}
 q - a potion of mutation {unknown}
Comestibles
 f - 8 rations
 h - 5 chunks of flesh


   Skills:
 + Level 2.8 Fighting
 + Level 2.6 Maces & Flails
 + Level 3.3 Dodging
 + Level 3.0 Shields


You had 3 spell levels left.
You didn't know any spells.

Dungeon Overview and Level Annotations

Branches:
Dungeon (3/15)

Altars:

Annotations:
D:3 MacroTabsAreStupid's ghost, amateur GrFi


Innate Abilities, Weirdness & Mutations

You are too large for most types of armour.
You have claws for hands.
Your metabolism is lightning-fast.
You like to eat raw meat.
Your natural rate of healing is unusually fast.
You are covered in fur. (AC +1)
You have very tough skin. (AC +2)


Message History

MacroTabsAreStupid's ghost hits you but does no damage.
You hit MacroTabsAreStupid's ghost.
MacroTabsAreStupid's ghost is severely damaged.
MacroTabsAreStupid's ghost hits you.
You barely miss MacroTabsAreStupid's ghost.
MacroTabsAreStupid's ghost is severely damaged.
MacroTabsAreStupid's ghost completely misses you.
MacroTabsAreStupid's ghost hits you!
* * * LOW HITPOINT WARNING * * *
You hit MacroTabsAreStupid's ghost but do no damage.
MacroTabsAreStupid's ghost is severely damaged.
MacroTabsAreStupid's ghost closely misses you.
You barely miss MacroTabsAreStupid's ghost.
MacroTabsAreStupid's ghost is severely damaged.
MacroTabsAreStupid's ghost barely misses you.
You hit MacroTabsAreStupid's ghost but do no damage.
MacroTabsAreStupid's ghost is severely damaged.
MacroTabsAreStupid's ghost hits you but does no damage.
MacroTabsAreStupid's ghost hits you!
You die...

#........... #.#.#.#.#.#.
########.####.##.## #
.........####.##.## #.
######........).... #.#
########..##### ####
#?####..........# # ...
#.!............# # #.#
##.@W..........# #
#.###)###.###.#######.<#####
#......#..# # #.......
#..#.# #.###### # #..#...
#....## ##. #..#.### #.....#
#)..###..#.# #.....#
.........#.# #.....#
#........).### ##...##


You could see MacroTabsAreStupid's ghost.

Vanquished Creatures
  5 adders
  2 worms (D:2)
  A dart slug (D:1)
  2 leopard geckos
  An orc (D:3)
  8 bats
  3 giant cockroaches
  7 goblins
  8 hobgoblins
  5 jackals
  A ball python (D:1)
  3 frilled lizards
  6 kobolds
  8 rats
60 creatures vanquished.

Notes
Turn   | Place    | Note
-------+----------+-------------------------------------------
     0 | D:1      | galech the Troll Fighter began the quest for the Orb.
     0 | D:1      | Reached XP level 1. HP: 22/22 MP: 0/0
   223 | D:1      | Reached XP level 2. HP: 29/29 MP: 1/1
   993 | D:2      | Reached XP level 3. HP: 36/36 MP: 2/2
  1453 | D:2      | Reached XP level 4. HP: 40/44 MP: 3/3
  1948 | D:3      | Noticed MacroTabsAreStupid's ghost (amateur GrFi)
  1963 | D:3      | Slain by MacroTabsAreStupid's ghost

Vault maps used:
D:1:      dpeg_arrival_castle, minivault_27, hangedman_decor_riveting,
          minmay_distorted
D:3:      nicolae_overflow_hidden_temple, lemuel_crystal_altar, st_stairs_10

Skill      XL: |  1  2  3  4 |
---------------+-------------+-----
Maces & Flails | 2 |  2.6
Shields        | 3 |  3.0
Dodging        | 3 |  3.3
Fighting       | |  2.8

Action                   |  1- 3 |  4- 6 || total
-------------------------+-------+-------++-------
Melee: Flail             |   162 |    81 ||   243
  Eat: Chunk             |    19 |     5 ||    24
Armor: Robe              |    74 |    34 ||   108
Dodge: Dodged            |    61 |    37 ||    98
Block: Shield            |   104 |    49 ||   153

Table legend:
 A = Spawn XP
 B = Non-spawn XP
 C = Spawn XP percentage of total XP
 D = Spawn monster count
 E = Non-spawn monster count
 F = Spawn count percentage of total count
 G = Total turns spent on level
                    A         B        C        D         E        F      G
               +---------+---------+-------+---------+---------+-------+---------
         Total |       0 |     165 |   0.0 |       0 |      60 |   0.0 |  1963
               +---------+---------+-------+---------+---------+-------+---------
           D:1 |       0 |      38 |   0.0 |       0 |      22 |   0.0 |   917
           D:2 |       0 |      95 |   0.0 |       0 |      28 |   0.0 |   841
           D:3 |       0 |      32 |   0.0 |       0 |      10 |   0.0 |   205
               +---------+---------+-------+---------+---------+-------+---------
